 Dungeon Sprint DCSS version 0.23.0 (webtiles) character file.

Game seed: 1944144330196571761

2159 nuthulu the Quickloader (level 9, -2/76 HPs)
             Began as a Centaur Hunter on Feb 18, 2019.
             Was a Believer of Hepliaklqana.
             Slain by a merfolk
             ... wielding a +0 trident of venom
              (6 damage)
             ... in the Dungeon (Sprint V: "Ziggurat Sprint").
             The game lasted 00:03:47 (899 turns).

nuthulu the Quickloader (Centaur Hunter)             Turns: 899, Time: 00:03:48

Health: -2/76      AC: 26    Str: 20    XL:     9   Next: 10%
Magic:  9/9        EV:  8    Int: 10    God:    Hepliaklqana [**....]
Gold:   0          SH:  0    Dex: 20    Spells: 8/8 levels left

rFire    . . .     SeeInvis .   m - +5 triple crossbow
rCold    . . .     Gourm    .   (shield currently unavailable)
rNeg     . . .     Faith    .   I - +15 Maxwell's patent armour {-Cast -Tele rElec MR+ rCorr}
rPois    .         Spirit   .   (no helmet)
rElec    +         Reflect  .   (no cloak)
rCorr    +         Harm     .   (no gloves)
MR       +....     NoTele   +   (no barding) Stlth ..........NoCast +
                                (no amulet)
HPRegen  0.22/turn              G - +6 ring of strength
MPRegen  0.11/turn              C - +6 ring of dexterity

@: lethally poisoned (-2 -> -8), very quick
A: large, reduced essence, hooves 3, deformed body, speed 2, tough skin 3
a: Ancestor Life: Knight, Ancestor Life: Battlemage, Ancestor Life: Hexer,
Recall Ancestor, Ancestor Identity, Renounce Religion


You were in the Dungeon.
You worshipped Hepliaklqana.
Hepliaklqana was pleased with you.
You were not hungry.

You visited 1 branch

Inventory:

Hand Weapons
 a - a +1 hand crossbow
 b - a +0 short sword
 m - a +5 triple crossbow (weapon)
Missiles
 d - 1002 bolts (quivered)
Armour
 c - a +0 leather armour
 l - +5 gold dragon scales
 I - the +15 Maxwell's patent armour (worn) {-Cast -Tele rElec MR+ rCorr}
   (You found it in the Dungeon)

   It insulates you from electricity.
   It affects your resistance to hostile enchantments.
   It prevents spellcasting.
   It prevents most forms of teleportation.
   It provides partial protection from all sources of acid and corrosion.
Jewellery
 w - a cursed ring of wizardry
 C - a +6 ring of dexterity (right hand)
 D - a +6 ring of dexterity
 E - a +6 ring of intelligence
 F - a +6 ring of intelligence
 G - a +6 ring of strength (left hand)
 H - a +6 ring of strength
 J - the amulet "Goce" {Inacc rF+}
   (You found it in the Dungeon)

   [amulet of inaccuracy]

   It reduces the accuracy of all your attacks.
   It protects you from fire.
Wands
 y - a wand of disintegration (7)
 A - a wand of iceblast (7)
 B - a wand of acid (7)
Scrolls
 k - 4 scrolls of blinking
 n - 4 scrolls of amnesia
 o - 7 scrolls of fog
 p - a scroll of holy word
 q - 5 scrolls of identify
 r - 5 scrolls of remove curse
 s - 2 scrolls of fear
Potions
 e - 10 potions of curing
 g - 10 potions of heal wounds
 h - 6 potions of haste
 i - 7 potions of magic
 j - 3 potions of berserk rage
 t - 2 potions of brilliance
 u - 2 potions of invisibility
 v - 4 potions of resistance
 x - 5 potions of agility
 z - 5 potions of might
Comestibles
 f - 7 rations


   Skills:
 + Level 10.0 Fighting
 + Level 13.6 Crossbows
 + Level 7.4 Armour
 + Level 7.7 Dodging
 - Level 0.4 Stealth


You had 8 spell levels left.
You didn't know any spells.
Your spell library was empty.

Dungeon Overview and Level Annotations

Branches:
Dungeon (1/1)

Altars:
Ashenzari
Cheibriados
Dithmenos
Elyvilon
Fedhas
Gozag
Hepliaklqana
Kikubaaqudgha
Makhleb
Nemelex Xobeh
Okawaru
Qazlal
Ru
Sif Muna
Trog
Uskayaw
Vehumet
Wu Jian
Xom
Yredelemnul
Zin
The Shining One
Beogh
Jiyva
Lugonu


Innate Abilities, Weirdness & Mutations

You have hooves in place of feet.
Armour fits poorly on your strangely shaped body.
You cover ground very quickly.
You have extremely tough skin. (AC +3)
Your life essence is reduced to manifest your ancestor. (-10% HP)


Message History

Your Fighting skill increases to level 10!
The hippogriff closely misses you. x2
The hippogriff claws you but does no damage.
The merfolk hits you from afar with a +0 trident of venom.
* * * LOW HITPOINT WARNING * * *
You are lethally poisoned!
The merfolk hits you but does no damage. x2
The hippogriff bites you but does no damage.
The hippogriff pecks you but does no damage.
The hippogriff claws you but does no damage.
Unknown command.
Firing (i - inventory)
d - 1003 bolts (quivered)
Press: ? - help, Shift-Dir - straight line, f - hippogriff
Aim: a hippogriff You shoot a bolt.
The bolt hits the hippogriff!
The hippogriff is moderately wounded.
* * * LOW HITPOINT WARNING * * *
You feel sick.
The merfolk hits you from afar with a +0 trident of venom.
You die...

▓..[(:..▓
▓..):}(.▓
▓.......▓
▓...(...▓
▓...(...▓


.mm)mC. ▓.▓..H▓.▓ ▓...@...▓ ▓▓▓▓▓▓▓▓▓ You could see 3 merfolk, a cyclops and a
hippogriff.

Vanquished Creatures
  2 deep elf magi (D)
  A rime drake (shapeshifter) (D)
  A troll (shapeshifter) (D)
  A merfolk (D)
  A flying skull (D)
  A wyvern (shapeshifter) (D)
  A yak (D)
  An ice beast (shapeshifter) (D)
  An ogre (shapeshifter) (D)
  A mummy (D)
  A river rat (D)
  An ufetubus (D)
  An adder zombie (D)
  A jackal (D)
  A leopard gecko zombie (D)
16 creatures vanquished.

Vanquished Creatures (collateral kills)
  An iguana (D)
  2 ufetubi (D)
3 creatures vanquished.

Vanquished Creatures (others)
  2 ancestors (D)
2 creatures vanquished.

Grand Total: 21 creatures vanquished

Notes
Turn   | Place    | Note
-------+----------+-------------------------------------------
     0 | D        | Found the +6 Majin-Bo {vamp, Archmagi MP+6 Int+6}
     0 | D        | Found the +7 great mace "Firestarter" {inner flame, rF++}
     0 | D        | nuthulu the Centaur Hunter began the quest for the Orb.
     0 | D        | Reached XP level 1. HP: 17/17 MP: 1/1
     0 | D        | Found a blossoming altar of Fedhas.
     6 | D        | Found a viscous altar of Jiyva.
     6 | D        | Found a transporter.
     6 | D        | Found a hazy altar of Hepliaklqana.
     6 | D        | Found an ancient bone altar of Kikubaaqudgha.
     6 | D        | Found an opulent altar of Gozag.
     6 | D        | Found a corrupted altar of Lugonu.
    23 | D        | Found a burning altar of Makhleb.
    24 | D        | Found a stormy altar of Qazlal.
    24 | D        | Found an iron altar of Okawaru.
    24 | D        | Found a sacrificial altar of Ru.
    24 | D        | Found a sparkling altar of Nemelex Xobeh.
    24 | D        | Found a deep blue altar of Sif Muna.
    24 | D        | Found a bloodstained altar of Trog.
    49 | D        | Found the +9 heavy crossbow "Sniper" {velocity, Acc+∞ SInv}
    49 | D        | Found the +10 dark maul {crush}
    49 | D        | Found the +15 Maxwell's patent armour {-Cast -Tele rElec
                  | MR+ rCorr}
    49 | D        | Found the +18 shield of the Gong {rElec rN+ MR+ EV-5}
    49 | D        | Found the cursed +14 obsidian axe {chop, +Fly SInv *Curse}
    68 | D        | Reached skill level 9 in Crossbows
    68 | D        | Reached XP level 2. HP: 24/24 MP: 2/2
    77 | D        | Became a worshipper of Hepliaklqana the Forgotten
    82 | D        | Entered arena 2.
    82 | D        | Noticed a deep elf mage
    82 | D        | Noticed a deep elf mage
    82 | D        | Found a transporter.
    84 | D        | Noticed an ice beast
    86 | D        | Noticed an ice beast
    88 | D        | Killed a deep elf mage
    88 | D        | Reached skill level 11 in Crossbows
    88 | D        | Reached skill level 5 in Dodging
    88 | D        | Reached XP level 3. HP: 21/34 MP: 3/3
    88 | D        | Reached XP level 4. HP: 25/40 MP: 4/4
    88 | D        | Reached XP level 5. HP: 28/45 MP: 5/5
    88 | D        | Reached XP level 6. HP: 33/52 MP: 6/6
    89 | D        | Noticed an ice beast
    92 | D        | Killed a deep elf mage
    92 | D        | Reached skill level 12 in Crossbows
    92 | D        | Reached skill level 5 in Armour
    92 | D        | Reached XP level 7. HP: 21/60 MP: 7/7
   313 | D        | Entered arena 3.
   313 | D        | Found a transporter.
   331 | D        | Entered arena 4.
   331 | D        | Noticed a yak
   331 | D        | Found a transporter.
   336 | D        | Killed a yak
   349 | D        | Entered arena 5.
   349 | D        | Noticed a flying skull
   349 | D        | Reached * piety under Hepliaklqana
   349 | D        | Found a transporter.
   359 | D        | Killed a flying skull
   359 | D        | Reached XP level 8. HP: 46/67 MP: 8/8
   493 | D        | Entered arena 6.
   493 | D        | Noticed a rime drake
   493 | D        | Found a transporter.
   495 | D        | Killed a rime drake
   500 | D        | Reached skill level 13 in Crossbows
   506 | D        | Noticed a troll
   506 | D        | a human changed into a troll
   515 | D        | Killed a troll
   515 | D        | Reached XP level 9. HP: 5/76 MP: 9/9
   536 | D        | Got the amulet "Goce" {Inacc rF+}
   889 | D        | Entered arena 7.
   889 | D        | Noticed a merfolk
   889 | D        | Noticed a merfolk
   889 | D        | Noticed a cyclops
   889 | D        | Noticed a merfolk
   889 | D        | Noticed a merfolk
   889 | D        | Reached ** piety under Hepliaklqana
   898 | D        | Killed a merfolk
   898 | D        | Reached skill level 10 in Fighting
   899 | D        | Slain by a merfolk

Skill      XL: |  1  2  3  4  5  6  7  8  9 |
---------------+----------------------------+-----
Crossbows      | 9 11 12 13 | 13.6
Fighting       | 6 7 8 9 10 | 10.0
Armour         | 4 5 6 7 |  7.4
Dodging        | 5 6 7 |  7.7
Stealth        | |  0.4

Action                   |  1- 3 |  4- 6 |  7- 9 || total
-------------------------+-------+-------+-------++-------
 Fire: Triple crossbow   |     6 |     4 |    52 ||    62
Invok: Ancestor Identity |       |       |     2 ||     2
       Recall Ancestor   |       |       |     1 ||     1
  Use: Potion            |     1 |       |       ||     1
Armor: Plate armour      |    13 |    16 |   117 ||   146
Dodge: Dodged            |     1 |     5 |    70 ||    76
